ITL
ALLENTOWN HILLBILLIES @ TUSCALOOSA TROUT SLAYERS
06/21/2030
 
TOP OF THE 1ST
Allentown Hillbillies batting - Pitching for Tuscaloosa Trout Slayers : RHP Rafael Ramírez
Pitching: RHP Rafael Ramírez
Batting: RHB Rubén Vázquez 0-0: Called Strike
0-1: Ball
1-1: Ball
2-1: Ball
3-1: Base on Balls
Batting: SHB Travis Martin 0-0: Called Strike
Rubén Vázquez steals 2nd base
0-1: Ball
1-1: SINGLE (Groundball, 4D)
Rubén Vázquez to third
Throwing error, E8
Rubén Vázquez scores
Travis Martin to second
Batting: RHB Donald Sanford 0-0: Ball
1-0: Called Strike
1-1: Fly out, F8 (Flyball, 8LS)
Batting: RHB Germano Labrego 0-0: Called Strike
0-1: Ball
Travis Martin steals 3rd base
1-1: SINGLE (Line Drive, 6D)
Travis Martin scores
Batting: RHB Albert Lutz 0-0: Ball
1-0: Foul Ball, location: 2F
1-1: Ball
2-1: Foul Ball, location: 2F
2-2: SINGLE (Groundball, 6D)
Germano Labrego to second
Batting: RHB Robert Bly 0-0: Called Strike
0-1: Called Strike
0-2: SINGLE (Groundball, 4MD)
Germano Labrego to third
Albert Lutz to second
Runner from 3rd tries for Home, SAFE, no throw
Batting: RHB Joel Jackson 0-0: Called Strike
0-1: 3-RUN HOME RUN (Flyball, 7LD), Distance : 327 ft
Batting: RHB Jeff Townsley 0-0: Foul Ball, location: 2F
0-1: Called Strike
0-2: Strikes out swinging
Batting: LHB Russell Ewing 0-0: Swinging Strike
0-1: Ball
1-1: Foul Ball, location: 2F
1-2: Foul Ball, location: 2F
1-2: Ball
2-2: Strikes out swinging
Top of the 1st over - 6 runs, 5 hits, 1 error, 0 left on base; Allentown 6 - Tuscaloosa 0
BOTTOM OF THE 1ST
Tuscaloosa Trout Slayers batting - Pitching for Allentown Hillbillies : LHP Jorge Torres
Pitching: LHP Jorge Torres
Batting: LHB Manuel Ortega 0-0: Foul Ball, location: 2F
0-1: Ball
1-1: Swinging Strike
1-2: Ball
2-2: Ball
3-2: Fly out, F9 (Flyball, 9LSF)
Batting: RHB José Fernández 0-0: Ball
1-0: Ball
2-0: Ball
3-0: Base on Balls
Batting: LHB Ed Murray 0-0: Called Strike
0-1: Swinging Strike
0-2: SINGLE (Line Drive, 4M)
José Fernández to second
Batting: LHB Ed Hart 0-0: TRIPLE (Flyball, 8LXD)
José Fernández scores
Ed Murray scores
Batting: LHB Marcos Villarreal 0-0: Ball
1-0: SINGLE (Line Drive, 34D)
Ed Hart scores
Batting: RHB José Pinto 0-0: Ball
1-0: Ball
2-0: Called Strike
2-1: SINGLE (Groundball, 34D)
Marcos Villarreal to second
Runner from 2nd tries for 3rd, SAFE, no throw
Batting: RHB Augusto Baca 0-0: Called Strike
0-1: Ball
1-1: Ball
2-1: Ball
3-1: SINGLE (Groundball, 56D)
Marcos Villarreal scores
José Pinto to second
Batting: SHB António Ramírez 0-0: Ball
1-0: Ground out 6-3 (Groundball, 6M)
José Pinto to third
Augusto Baca to second
Batting: RHB Greg Lee 0-0: Ground out 6-3 (Groundball, 6MD)
Bottom of the 1st over - 4 runs, 5 hits, 0 errors, 2 left on base; Allentown 6 - Tuscaloosa 4
TOP OF THE 2ND
Allentown Hillbillies batting - Pitching for Tuscaloosa Trout Slayers : RHP Rafael Ramírez
Batting: RHB Rubén Vázquez 0-0: Called Strike
0-1: Ball
1-1: Called Strike
1-2: Ball
2-2: Foul Ball, location: 2F
2-2: Foul Ball, location: 2F
2-2: Foul Ball, location: 2F
2-2: Ball
3-2: Fly out, F8 (Flyball, 78D)
Batting: SHB Travis Martin 0-0: Ball
1-0: Ball
2-0: Called Strike
2-1: Swinging Strike
2-2: Strikes out swinging
Batting: RHB Donald Sanford 0-0: Swinging Strike
0-1: Ball
1-1: Ball
2-1: Ball
3-1: Base on Balls
Batting: RHB Germano Labrego 0-0: Ball
1-0: Ball
2-0: Foul Ball, location: 2F
2-1: Foul Ball, location: 2F
2-2: Ball
3-2: Strikes out looking
Top of the 2nd over - 0 runs, 0 hits, 0 errors, 1 left on base; Allentown 6 - Tuscaloosa 4
BOTTOM OF THE 2ND
Tuscaloosa Trout Slayers batting - Pitching for Allentown Hillbillies : LHP Jorge Torres
Batting: LHB Manuel Ortega 0-0: Ball
1-0: Ball
2-0: Ball
3-0: Called Strike
3-1: Called Strike
3-2: Ground out 6-3 (Groundball, 56)
Batting: RHB José Fernández 0-0: Ball
1-0: Ball
2-0: Called Strike
2-1: Foul Ball, location: 2F
2-2: Ball
3-2: Base on Balls
Batting: LHB Ed Murray 0-0: Ball
1-0: Swinging Strike
1-1: Ball
2-1: Fielders Choice at 2nd, 4-6 (Groundball, 4)
Batting: LHB Ed Hart 0-0: Ball
1-0: SINGLE (Line Drive, 6MD)
Ed Murray to second
Batting: LHB Marcos Villarreal 0-0: Swinging Strike
0-1: Ground out U3 (Groundball, 3)
Bottom of the 2nd over - 0 runs, 1 hit, 0 errors, 2 left on base; Allentown 6 - Tuscaloosa 4
TOP OF THE 3RD
Allentown Hillbillies batting - Pitching for Tuscaloosa Trout Slayers : RHP Rafael Ramírez
Batting: RHB Albert Lutz 0-0: Ball
1-0: Foul Ball, location: 2F
1-1: SINGLE (Groundball, 6D)
Batting: RHB Robert Bly 0-0: Ball
1-0: Called Strike
1-1: Called Strike
1-2: Ball
2-2: Foul Ball, location: 2F
2-2: Strikes out swinging
Batting: RHB Joel Jackson 0-0: Ball
1-0: Called Strike
1-1: Fly out, F8 (Flyball, 8LD)
Batting: RHB Jeff Townsley 0-0: Ball
1-0: Ground out 5-3 (Groundball, 56S)
Top of the 3rd over - 0 runs, 1 hit, 0 errors, 1 left on base; Allentown 6 - Tuscaloosa 4
BOTTOM OF THE 3RD
Tuscaloosa Trout Slayers batting - Pitching for Allentown Hillbillies : LHP Jorge Torres
Batting: RHB José Pinto 0-0: Foul Ball, location: 2F
0-1: Foul Ball, location: 2F
0-2: SINGLE (Groundball, 56D)
Batting: RHB Augusto Baca 0-0: Called Strike
0-1: Foul Ball, location: 2F
0-2: Strikes out looking
Batting: SHB António Ramírez 0-0: Swinging Strike
0-1: Ball
1-1: Called Strike
1-2: Strikes out swinging
Batting: RHB Greg Lee 0-0: Foul Ball, location: 2F
0-1: Ball
1-1: Foul Ball, location: 2F
1-2: Ball
2-2: Strikes out looking
Bottom of the 3rd over - 0 runs, 1 hit, 0 errors, 1 left on base; Allentown 6 - Tuscaloosa 4
TOP OF THE 4TH
Allentown Hillbillies batting - Pitching for Tuscaloosa Trout Slayers : RHP Rafael Ramírez
Batting: LHB Russell Ewing 0-0: Fly out, F3 (Line Drive, 4)
Batting: RHB Rubén Vázquez 0-0: Ball
1-0: Ball
2-0: Ball
3-0: Base on Balls
Pitching: RHP Josh Higgins
Batting: SHB Travis Martin 0-0: Fielders Choice at 2nd, 1-6 (Groundball, P)
Batting: RHB Donald Sanford 0-0: Ball
1-0: Foul Ball, location: 2F
1-1: Ball
2-1: Ball
3-1: Called Strike
3-2: 2-RUN HOME RUN (Flyball, 78XD), Distance : 365 ft
Batting: RHB Germano Labrego 0-0: Foul Ball, location: 2F
0-1: Ground out 6-3 (Groundball, 6)
Top of the 4th over - 2 runs, 1 hit, 0 errors, 0 left on base; Allentown 8 - Tuscaloosa 4
BOTTOM OF THE 4TH
Tuscaloosa Trout Slayers batting - Pitching for Allentown Hillbillies : LHP Jorge Torres
Batting: LHB Manuel Ortega 0-0: Called Strike
0-1: Fly out, F9 (Line Drive, 9D)
Batting: RHB José Fernández 0-0: Ball
1-0: Swinging Strike
1-1: Called Strike
1-2: Strikes out looking
Batting: LHB Ed Murray 0-0: Called Strike
0-1: Ground out 4-3 (Groundball, 4M)
Bottom of the 4th over - 0 runs, 0 hits, 0 errors, 0 left on base; Allentown 8 - Tuscaloosa 4
TOP OF THE 5TH
Allentown Hillbillies batting - Pitching for Tuscaloosa Trout Slayers : RHP Josh Higgins
Batting: RHB Albert Lutz 0-0: Ball
1-0: Called Strike
1-1: Ball
2-1: SINGLE (Groundball, 56D)
Batting: RHB Robert Bly 0-0: SINGLE (Groundball, 4MD)
Albert Lutz to second
Batting: RHB Joel Jackson 0-0: Called Strike
0-1: Ball
1-1: Ball
2-1: Ball
3-1: Swinging Strike
3-2: Base on Balls
Albert Lutz to third
Robert Bly to second
Batting: RHB Jeff Townsley 0-0: SINGLE (Line Drive, 89S)
Albert Lutz scores
Robert Bly to third
Joel Jackson to second
Pitching: RHP Juan Patino
Batting: LHB Russell Ewing 0-0: Ball
1-0: Ball
2-0: Swinging Strike
2-1: Foul Ball, location: 2F
2-2: Ball
3-2: Foul Ball, location: 2F
3-2: Foul Ball, location: 2F
3-2: Foul Ball, location: 2F
3-2: Fly out, F8 (Flyball, 8LM)
Runner from 3rd tags up, SCORES, throw made
Now in CF: Eddy Jefferson
Batting: RHB Rubén Vázquez 0-0: Swinging Strike
0-1: Ball
1-1: Ball
2-1: Ball
3-1: Called Strike
3-2: SINGLE (Line Drive, 6D)
Joel Jackson to third
Jeff Townsley to second
Batting: SHB Travis Martin 0-0: Foul Ball, location: 2F
0-1: Ball
1-1: Called Strike
1-2: Ball
2-2: DOUBLE (Flyball, 8LXD)
Joel Jackson scores
Jeff Townsley scores
Rubén Vázquez to third
Runner from 3rd tries for Home, SAFE, no throw
Batting: RHB Donald Sanford 0-0: Ball
1-0: Ball
2-0: Called Strike
2-1: Ball
3-1: Base on Balls
Batting: RHB Germano Labrego 0-0: Ball
1-0: Foul Ball, location: 2F
1-1: Foul Ball, location: 2F
1-2: Ball
2-2: Ball
3-2: Strikes out swinging
Donald Sanford steals 2nd base
Batter strikes out.
Travis Martin to third
Batting: RHB Albert Lutz 0-0: SINGLE (Line Drive, 34D)
Travis Martin scores
Donald Sanford to third
Batting: RHB Robert Bly 0-0: Called Strike
0-1: Ball
1-1: Foul Ball, location: 2F
1-2: Foul Ball, location: 2F
1-2: SINGLE (Line Drive, 8LS)
Donald Sanford scores
Albert Lutz to second
Runner from 2nd tries for 3rd, SAFE, no throw
Pitching: RHP Jimmy Bradley
Batting: RHB Joel Jackson 0-0: Ball
1-0: Ball
2-0: Ball
3-0: Called Strike
3-1: Base on Balls
Robert Bly to second
Batting: RHB Jeff Townsley 0-0: Ball
1-0: Ball
2-0: Called Strike
2-1: Foul Ball, location: 2F
2-2: GRAND SLAM HOME RUN (Flyball, 9D), Distance : 387 ft
Batting: LHB Russell Ewing 0-0: Ball
1-0: Ground out U3 (Groundball, 34S)
Top of the 5th over - 11 runs, 8 hits, 0 errors, 0 left on base; Allentown 19 - Tuscaloosa 4
BOTTOM OF THE 5TH
Tuscaloosa Trout Slayers batting - Pitching for Allentown Hillbillies : LHP Jorge Torres
Batting: LHB Ed Hart 0-0: Ball
1-0: Ball
2-0: Fly out, F8 (Line Drive, 8LD)
Batting: LHB Marcos Villarreal 0-0: Ball
1-0: Called Strike
1-1: Foul Ball, location: 2F
1-2: Strikes out swinging
Batting: RHB José Pinto 0-0: Called Strike
0-1: Foul Ball, location: 2F
0-2: Ball
1-2: Strikes out swinging
Bottom of the 5th over - 0 runs, 0 hits, 0 errors, 0 left on base; Allentown 19 - Tuscaloosa 4
TOP OF THE 6TH
Allentown Hillbillies batting - Pitching for Tuscaloosa Trout Slayers : RHP Jimmy Bradley
Batting: RHB Rubén Vázquez 0-0: Ball
1-0: Called Strike
1-1: Foul Ball, location: 2F
1-2: Strikes out swinging
Batting: SHB Travis Martin 0-0: Ball
1-0: Foul Ball, location: 2F
1-1: Ball
2-1: SINGLE (Groundball, 34D)
Batting: RHB Donald Sanford 0-0: Called Strike
0-1: Ball
1-1: Swinging Strike
1-2: Foul Ball, location: 2F
1-2: Ball
Travis Martin steals 2nd base
2-2: Ball
3-2: Ground out 6-3 (Groundball, 6)
Travis Martin to third
Batting: RHB Germano Labrego 0-0: Ground out 3-1 (Groundball, 34S)
Top of the 6th over - 0 runs, 1 hit, 0 errors, 1 left on base; Allentown 19 - Tuscaloosa 4
BOTTOM OF THE 6TH
Tuscaloosa Trout Slayers batting - Pitching for Allentown Hillbillies : LHP Jorge Torres
Batting: RHB Augusto Baca 0-0: Called Strike
0-1: Foul Ball, location: 2F
0-2: Strikes out looking
Batting: SHB António Ramírez 0-0: Ball
1-0: Ball
2-0: Ball
3-0: Called Strike
3-1: Base on Balls
Batting: RHB Greg Lee 0-0: Fly out, F9 (Flyball, 9D)
Batting: LHB Eddy Jefferson 0-0: Ball
1-0: Ball
2-0: Ball
3-0: Called Strike
3-1: SINGLE (Groundball, 34S) (infield hit)
António Ramírez to second
Batting: RHB José Fernández 0-0: Ball
1-0: Foul Ball, location: 2F
1-1: Ground out 5-3 (Groundball, 56S)
Bottom of the 6th over - 0 runs, 1 hit, 0 errors, 2 left on base; Allentown 19 - Tuscaloosa 4
TOP OF THE 7TH
Allentown Hillbillies batting - Pitching for Tuscaloosa Trout Slayers : RHP Jimmy Bradley
Batting: RHB Albert Lutz 0-0: Ball
1-0: Foul Ball, location: 2F
1-1: Foul Ball, location: 2F
1-2: Strikes out swinging
Batting: RHB Robert Bly 0-0: Ball
1-0: Called Strike
1-1: Ball
2-1: Foul Ball, location: 2F
2-2: Foul Ball, location: 2F
2-2: Fly out, F8 (Flyball, 8RM)
Batting: RHB Joel Jackson 0-0: Called Strike
0-1: Called Strike
0-2: Ball
1-2: Ground out 5-3 (Groundball, 5L)
Top of the 7th over - 0 runs, 0 hits, 0 errors, 0 left on base; Allentown 19 - Tuscaloosa 4
BOTTOM OF THE 7TH
Tuscaloosa Trout Slayers batting - Pitching for Allentown Hillbillies : LHP Jorge Torres
Batting: LHB Ed Murray 0-0: Ball
1-0: Called Strike
1-1: Foul Ball, location: 2F
1-2: Strikes out looking
Batting: LHB Ed Hart 0-0: Ball
1-0: Ball
2-0: Called Strike
2-1: Ball
3-1: Base on Balls
Batting: LHB Marcos Villarreal 0-0: Ball
1-0: Ball
2-0: Ball
3-0: Base on Balls
Ed Hart to second
Pitching: RHP Coy Torres
Batting: RHB José Pinto 0-0: SINGLE (Groundball, 6MD)
Ed Hart to third
Marcos Villarreal to second
Batting: RHB Augusto Baca 0-0: Swinging Strike
0-1: Ball
1-1: Ball
2-1: SINGLE (Line Drive, 89S)
Ed Hart scores
Marcos Villarreal to third
José Pinto to second
Batting: SHB António Ramírez 0-0: Ball
1-0: Ball
2-0: Ball
3-0: Called Strike
3-1: Base on Balls
Marcos Villarreal scores
José Pinto to third
Augusto Baca to second
Batting: RHB Greg Lee 0-0: DOUBLE (Line Drive, 8LD)
José Pinto scores
Augusto Baca scores
António Ramírez to third
Batting: LHB Eddy Jefferson 0-0: Called Strike
0-1: Ground out U3 (Groundball, 3)
Batting: RHB José Fernández 0-0: Ball
1-0: Ball
2-0: Ball
3-0: Base on Balls
Batting: LHB Ed Murray 0-0: Ball
1-0: Ball
2-0: Foul Ball, location: 2F
2-1: Foul Ball, location: 2F
2-2: Ball
3-2: Foul Ball, location: 2F
3-2: Foul Ball, location: 2F
3-2: Base on Balls
António Ramírez scores
Greg Lee to third
José Fernández to second
Batting: LHB Ed Hart 0-0: Ball
1-0: Hit by Pitch
Greg Lee scores
José Fernández to third
Ed Murray to second
Batting: LHB Marcos Villarreal 0-0: Foul Ball, location: 2F
0-1: SINGLE (Groundball, 3D)
José Fernández scores
Ed Murray to third
Ed Hart to second
Runner from 3rd tries for Home, SAFE, throw made home
Batting: RHB José Pinto 0-0: Ball
1-0: Fly out, F9 (Flyball, 9)
Bottom of the 7th over - 8 runs, 4 hits, 0 errors, 2 left on base; Allentown 19 - Tuscaloosa 12
TOP OF THE 8TH
Allentown Hillbillies batting - Pitching for Tuscaloosa Trout Slayers : RHP Jimmy Bradley
Batting: RHB Jeff Townsley 0-0: Foul Ball, location: 2F
0-1: Ball
1-1: Ball
2-1: Ground out 6-3 (Groundball, 6S)
Batting: LHB Russell Ewing 0-0: Called Strike
0-1: Ground out 3-1 (Groundball, 34D)
Batting: RHB Rubén Vázquez 0-0: Ball
1-0: Foul Ball, location: 2F
1-1: Foul Ball, location: 2F
1-2: Ball
2-2: Foul Ball, location: 2F
2-2: Ground out 3-1 (Groundball, 34)
Top of the 8th over - 0 runs, 0 hits, 0 errors, 0 left on base; Allentown 19 - Tuscaloosa 12
BOTTOM OF THE 8TH
Tuscaloosa Trout Slayers batting - Pitching for Allentown Hillbillies : RHP Coy Torres
Now in RF: António Salazar
Batting: RHB Augusto Baca 0-0: Called Strike
0-1: Ball
1-1: Ball
2-1: DOUBLE (Flyball, 8RXD)
Batting: SHB António Ramírez 0-0: Ball
1-0: Ball
2-0: Foul Ball, location: 2F
2-1: Ball
3-1: Base on Balls
Batting: RHB Greg Lee 0-0: Called Strike
0-1: Fly out, F7 (Flyball, 7LM)
Batting: LHB Eddy Jefferson 0-0: Swinging Strike
0-1: Ball
1-1: Ball
2-1: TRIPLE (Line Drive, 9D)
Augusto Baca scores
António Ramírez scores
Pitching: LHP Emílio Trevino
Batting: RHB José Fernández 0-0: Swinging Strike
0-1: Ball
1-1: Foul Ball, location: 2F
1-2: Ball
2-2: Foul Ball, location: 2F
2-2: Ball
3-2: Foul Ball, location: 2F
3-2: SINGLE (Line Drive, 78M)
Eddy Jefferson scores
Batting: LHB Ed Murray 0-0: Swinging Strike
0-1: Swinging Strike
0-2: Foul Ball, location: 2F
0-2: Ball
1-2: Ball
2-2: Foul Ball, location: 2F
2-2: Ball
3-2: Base on Balls
José Fernández to second
Batting: LHB Ed Hart 0-0: Called Strike
0-1: Swinging Strike
0-2: Ball
1-2: Ball
2-2: Ball
3-2: Foul Ball, location: 2F
3-2: Foul Ball, location: 2F
3-2: DOUBLE (Line Drive, 89D)
José Fernández scores
Ed Murray to third
Batting: LHB Marcos Villarreal 0-0: Called Strike
0-1: 3-RUN HOME RUN (Flyball, 7D), Distance : 341 ft
Pitching: LHP Alejandro Castillo
Batting: RHB José Pinto 0-0: Ground out U3 (Groundball, 34)
Batting: RHB Augusto Baca 0-0: Ball
1-0: Foul Ball, location: 2F
1-1: Ball
2-1: Swinging Strike
2-2: Ball
3-2: SINGLE (Groundball, 56D)
Batting: SHB António Ramírez 0-0: Foul Ball, location: 2F
0-1: Fly out, F8 (Flyball, 8LD)
Bottom of the 8th over - 7 runs, 6 hits, 0 errors, 1 left on base; Allentown 19 - Tuscaloosa 19
TOP OF THE 9TH
Allentown Hillbillies batting - Pitching for Tuscaloosa Trout Slayers : RHP Jimmy Bradley
Pitching: RHP Matt McGinnity
Batting: SHB Travis Martin 0-0: Called Strike
0-1: Called Strike
0-2: Ball
1-2: Strikes out swinging
Batting: RHB Donald Sanford 0-0: Called Strike
0-1: Ball
1-1: Ball
2-1: Ball
3-1: Base on Balls
Batting: RHB Germano Labrego 0-0: Called Strike
0-1: Foul Ball, location: 2F
0-2: Strikes out swinging
Batting: RHB Albert Lutz 0-0: Ball
1-0: Foul Ball, location: 2F
1-1: Ball
2-1: Swinging Strike
2-2: Ball
3-2: SINGLE (Groundball, 56S) (infield hit)
Donald Sanford to second
Batting: RHB Robert Bly 0-0: Swinging Strike
0-1: Fly out, F8 (Flyball, 8LM)
Top of the 9th over - 0 runs, 1 hit, 0 errors, 2 left on base; Allentown 19 - Tuscaloosa 19
BOTTOM OF THE 9TH
Tuscaloosa Trout Slayers batting - Pitching for Allentown Hillbillies : LHP Alejandro Castillo
Batting: RHB Greg Lee 0-0: SINGLE (Groundball, 13S) (infield hit)
Batting: LHB Eddy Jefferson 0-0: Called Strike
0-1: Ball
1-1: Fielders Choice at 2nd, 4-6 (Groundball, 4)
Batting: RHB José Fernández 0-0: Ball
1-0: Ground out 5-3 (Groundball, 5)
Eddy Jefferson to second
Batting: LHB Ed Murray 0-0: Ball
1-0: Ball
2-0: Ball
3-0: Base on Balls
Pinch Hitting: RHB Kyle O'Day 0-0: Fly out, F8 (Flyball, 8LD)
Bottom of the 9th over - 0 runs, 1 hit, 0 errors, 2 left on base; Allentown 19 - Tuscaloosa 19
TOP OF THE 10TH
Allentown Hillbillies batting - Pitching for Tuscaloosa Trout Slayers : RHP Matt McGinnity
Now in LF: Kyle O'Day
Batting: RHB Joel Jackson 0-0: Ball
1-0: Ball
2-0: Called Strike
2-1: Ball
3-1: DOUBLE (Flyball, 8LXD)
Batting: LHB António Salazar 0-0: Ball
1-0: Ball
2-0: Ball
3-0: Base on Balls
Batting: LHB Russell Ewing 0-0: Ball
1-0: Bunted foul
1-1: Bunted foul
1-2: Fielders Choice at 2nd, 4-6 (Groundball, 4)
Joel Jackson to third
Batting: RHB Rubén Vázquez 0-0: Ball
1-0: Foul Ball, location: 2F
1-1: Swinging Strike
1-2: Ball
2-2: Fielders Choice at 2nd, 4-6 (Groundball, 4)
Joel Jackson scores
Batting: SHB Travis Martin 0-0: Foul Ball, location: 2F
0-1: Called Strike
0-2: Ball
1-2: Ball
2-2: SINGLE (Groundball, 56S) (infield hit)
Rubén Vázquez to second
Batting: RHB Donald Sanford 0-0: Ball
1-0: Ball
2-0: Called Strike
2-1: Foul Ball, location: 2F
2-2: Ball
3-2: Foul Ball, location: 2F
3-2: Base on Balls
Rubén Vázquez to third
Travis Martin to second
Batting: RHB Germano Labrego 0-0: Foul Ball, location: 2F
0-1: Called Strike
0-2: Ball
1-2: Ball
2-2: Ball
3-2: Strikes out swinging
Top of the 10th over - 1 run, 2 hits, 0 errors, 3 left on base; Allentown 20 - Tuscaloosa 19
BOTTOM OF THE 10TH
Tuscaloosa Trout Slayers batting - Pitching for Allentown Hillbillies : LHP Alejandro Castillo
Pitching: LHP Tadao Yoshida
Batting: LHB Marcos Villarreal 0-0: Ball
1-0: Ball
2-0: Swinging Strike
2-1: Foul Ball, location: 2F
2-2: Strikes out looking
Batting: RHB José Pinto 0-0: Called Strike
0-1: Ball
1-1: Foul Ball, location: 2F
1-2: Strikes out swinging
Batting: RHB Augusto Baca 0-0: SINGLE (Groundball, 56D)
Batting: SHB António Ramírez 0-0: Ball
Wild Pitch!
Augusto Baca to second
1-0: Foul Ball, location: 2F
1-1: Called Strike
1-2: Ball
2-2: DOUBLE (Line Drive, 7LS)
Augusto Baca scores
Batting: RHB Greg Lee 0-0: Ground out 5-3 (Groundball, 56)
Bottom of the 10th over - 1 run, 2 hits, 0 errors, 1 left on base; Allentown 20 - Tuscaloosa 20
TOP OF THE 11TH
Allentown Hillbillies batting - Pitching for Tuscaloosa Trout Slayers : RHP Matt McGinnity
Pitching: RHP Víctor Viña
Batting: RHB Albert Lutz 0-0: SINGLE (Line Drive, 78M)
Pinch Runner at 1st Júlio Lorenzo:
Batting: RHB Robert Bly 0-0: Ball
1-0: Called Strike
Júlio Lorenzo steals 2nd base
1-1: Ball
2-1: Foul Ball, location: 2F
2-2: Ball
3-2: Foul Ball, location: 2F
3-2: Strikes out looking
Batting: RHB Joel Jackson 0-0: Ball
1-0: Ball
2-0: Called Strike
2-1: Ground out 6-3 (Groundball, 56)
Batting: LHB António Salazar 0-0: Ball
1-0: Foul Ball, location: 2F
1-1: Ball
2-1: Swinging Strike
2-2: Ground out 4-3 (Groundball, 4M)
Top of the 11th over - 0 runs, 1 hit, 0 errors, 1 left on base; Allentown 20 - Tuscaloosa 20
BOTTOM OF THE 11TH
Tuscaloosa Trout Slayers batting - Pitching for Allentown Hillbillies : LHP Tadao Yoshida
Now in LF: Júlio Lorenzo
Batting: LHB Eddy Jefferson 0-0: Ball
1-0: Ball
2-0: Foul Ball, location: 2F
2-1: Foul Ball, location: 2F
2-2: Ground out 4-3 (Groundball, 4M)
Batting: RHB José Fernández 0-0: Ball
1-0: Called Strike
1-1: Swinging Strike
1-2: Foul Ball, location: 2F
1-2: Strikes out swinging
Batting: LHB Ed Murray 0-0: Foul Ball, location: 2F
0-1: Ball
1-1: Foul Ball, location: 2F
1-2: Strikes out swinging
Bottom of the 11th over - 0 runs, 0 hits, 0 errors, 0 left on base; Allentown 20 - Tuscaloosa 20
TOP OF THE 12TH
Allentown Hillbillies batting - Pitching for Tuscaloosa Trout Slayers : RHP Víctor Viña
Batting: LHB Russell Ewing 0-0: Foul Ball, location: 2F
0-1: Called Strike
0-2: Ball
1-2: Foul Ball, location: 2F
1-2: Foul Ball, location: 2F
1-2: Ball
2-2: Foul Ball, location: 2F
2-2: Strikes out swinging
Batting: RHB Rubén Vázquez 0-0: Ball
1-0: Foul Ball, location: 2F
1-1: Foul Ball, location: 2F
1-2: Ground out 6-3 (Groundball, 6MD)
Batting: SHB Travis Martin 0-0: Ball
1-0: Fly out, F4 (Line Drive, 4)
Top of the 12th over - 0 runs, 0 hits, 0 errors, 0 left on base; Allentown 20 - Tuscaloosa 20
BOTTOM OF THE 12TH
Tuscaloosa Trout Slayers batting - Pitching for Allentown Hillbillies : LHP Tadao Yoshida
Batting: RHB Kyle O'Day 0-0: Ball
1-0: Ball
2-0: Ground out 4-3 (Groundball, 4S)
Batting: LHB Marcos Villarreal 0-0: Ball
1-0: Foul Ball, location: 2F
1-1: Ground out 5-3 (Groundball, 5)
Batting: RHB José Pinto 0-0: SINGLE (Groundball, 56D)
Batting: RHB Augusto Baca 0-0: Ball
1-0: Ball
2-0: Called Strike
2-1: Ground out 5-3 (Groundball, 25)
Bottom of the 12th over - 0 runs, 1 hit, 0 errors, 1 left on base; Allentown 20 - Tuscaloosa 20
TOP OF THE 13TH
Allentown Hillbillies batting - Pitching for Tuscaloosa Trout Slayers : RHP Víctor Viña
Pitching: LHP Dave Blackwell
Batting: RHB Donald Sanford 0-0: Foul Ball, location: 2F
0-1: Ball
1-1: Foul Ball, location: 2F
1-2: Foul Ball, location: 2F
1-2: SINGLE (Flyball, 78M)
Batting: RHB Germano Labrego 0-0: Called Strike
0-1: Ground out 5-3 (Groundball, 56S)
Donald Sanford to second
Pinch Hitting: RHB Justin Harris 0-0: Swinging Strike
0-1: Called Strike
0-2: Foul Ball, location: 2F
0-2: Foul Ball, location: 2F
0-2: Ball
1-2: Ball
2-2: Foul Ball, location: 2F
2-2: Strikes out swinging
Batting: RHB Robert Bly 0-0: Foul Ball, location: 2F
0-1: Ball
1-1: Foul Ball, location: 2F
1-2: Ball
2-2: SINGLE (Groundball, 56) (infield hit)
Donald Sanford to third
Batting: RHB Joel Jackson 0-0: Ball
1-0: Fielders Choice at 2nd, 6-4 (Groundball, 6)
Top of the 13th over - 0 runs, 2 hits, 0 errors, 2 left on base; Allentown 20 - Tuscaloosa 20
BOTTOM OF THE 13TH
Tuscaloosa Trout Slayers batting - Pitching for Allentown Hillbillies : LHP Tadao Yoshida
Now at 3B: Justin Harris
Batting: SHB António Ramírez 0-0: Ball
1-0: Ground out 6-3 (Groundball, 6)
Batting: RHB Greg Lee 0-0: Ball
1-0: Ground out 1-3 (Groundball, 13)
Batting: LHB Eddy Jefferson 0-0: Fly out, F7 (Line Drive, 7)
Bottom of the 13th over - 0 runs, 0 hits, 0 errors, 0 left on base; Allentown 20 - Tuscaloosa 20
TOP OF THE 14TH
Allentown Hillbillies batting - Pitching for Tuscaloosa Trout Slayers : LHP Dave Blackwell
Pinch Hitting: RHB Wyatt McKinnon 0-0: Foul Ball, location: 2F
0-1: Foul Ball, location: 2F
0-2: Strikes out looking
Pinch Hitting: RHB Marc Cox 0-0: Ball
1-0: Fly out, F7 (Flyball, 78S)
Batting: RHB Rubén Vázquez 0-0: SINGLE (Line Drive, 4MD)
Batting: SHB Travis Martin 0-0: Foul Ball, location: 2F
0-1: Foul Ball, location: 2F
0-2: Ball
Rubén Vázquez steals 2nd base
1-2: Ground out 4-3 (Groundball, 4M)
Top of the 14th over - 0 runs, 1 hit, 0 errors, 1 left on base; Allentown 20 - Tuscaloosa 20
BOTTOM OF THE 14TH
Tuscaloosa Trout Slayers batting - Pitching for Allentown Hillbillies : LHP Tadao Yoshida
Now in LF: Ryan Flynn
Now in RF: Wyatt McKinnon
Batting: RHB José Fernández 0-0: Called Strike
0-1: Ball
1-1: Swinging Strike
1-2: Ball
2-2: Foul Ball, location: 2F
2-2: Strikes out swinging
Batting: LHB Ed Murray 0-0: Swinging Strike
0-1: Called Strike
0-2: Ball
1-2: Ball
2-2: DOUBLE (Flyball, 8RD)
Batting: RHB Kyle O'Day 0-0: Intentional Walk
Batting: LHB Marcos Villarreal 0-0: 3-RUN HOME RUN (Flyball, 78XD), Distance : 391 ft
Saturday, April 7th, 2018 - OOTP Baseball 18.8 Build 76